 Dungeon Crawl Stone Soup version 0.29-a0-398-ge13fd1374b (webtiles) character file.

Game seed: 10076376604833364730

4 siradein the Chiller (level 1, 0/13 HPs)
             Began as a Demonspawn Ice Elementalist on May 12, 2022.
             Slain by a quokka (4 damage)
             ... on level 1 of the Dungeon.
             The game lasted 00:00:25 (187 turns).

siradein the Chiller (Demonspawn Ice Elementalist)   Turns: 187, Time: 00:00:26

Health: 0/13       AC:  2    Str:  8    XL:     1   Next: 50%
Magic:  0/3        EV: 12    Int: 16    God:
Gold:   13         SH:  0    Dex: 13    Spells: 3/4 levels left

rFire   . . .      SeeInvis .   c - +0 dagger
rCold   . . .      Faith    .   (no shield)
rNeg    . . .      Spirit   .   a - +0 robe
rPois   .          Reflect  .   (no helmet)
rElec   .          Harm     .   (no cloak)
rCorr   .          Rampage  .   (no gloves)
Will    .....                   (no boots)
Stlth   ++........              (no amulet)
HPRegen 0.04/turn               (no ring)
MPRegen 0.08/turn               (no ring)

@: no status effects
A: no striking features
a: no special abilities


You were on level 1 of the Dungeon.
You visited 1 branch of the dungeon, and saw 1 of its levels.

You collected 13 gold pieces.

Inventory:

Hand Weapons
 c - a +0 dagger (weapon)
Armour
 a - a +0 robe (worn)
Jewellery
 d - an amulet of the acrobat
Potions
 b - a potion of magic


   Skills:
 - Level 1.7 Dodging
 - Level 1.7 Stealth
 + Level 2.1 Spellcasting
 + Level 3.7 Ice Magic


You had 3 spell levels left.
You knew the following spells:

 Your Spells              Type           Power      Damage    Failure   Level
a - Freeze                Ice            52%        1d7       4%          1

Your spell library contained the following spells:

 Spells                   Type           Power      Damage    Failure   Level
 Frozen Ramparts          Ice            26%        1d4       13%         3
 Ozocubu's Armour         Ice            13%        N/A       13%         3
 Call Canine Familiar     Summ           1%         N/A       52%         3
 Portal Projectile        Hex/Tloc       2%         N/A       52%         3
 Hailstorm                Conj/Ice       7%         3d4       67%         4
 Leda's Liquefaction      Hex/Erth       0%         N/A       90%         4


Dungeon Overview and Level Annotations

Branches:
Dungeon (1/15)

Altars:


Message History

A hobgoblin comes into view.
A hobgoblin is nearby!
A quokka comes into view.
The hobgoblin shouts!
You closely miss the hobgoblin. Your punch misses the hobgoblin.
The hobgoblin barely misses you.
You freeze the hobgoblin.
The hobgoblin is heavily wounded.
The hobgoblin hits you.
You freeze the hobgoblin.
The hobgoblin is almost dead.
The hobgoblin barely misses you.
You freeze the hobgoblin.
You kill the hobgoblin!
The quokka barely misses you.
You are too depleted to draw on your mana recklessly!
You are too depleted to draw on your mana recklessly!
You are too depleted to draw on your mana recklessly!
You hit the quokka.
The quokka is heavily wounded.
The quokka closely misses you.
You closely miss the quokka.
The quokka is heavily wounded.
The quokka misses you.
You hit the quokka but do no damage.
The quokka is heavily wounded.
The quokka closely misses you. x2
You barely miss the quokka.
The quokka is heavily wounded.
The quokka closely misses you.
You hit the quokka but do no damage. Your punch misses the quokka.
The quokka is heavily wounded.
The quokka bites you.
You hit the quokka but do no damage.
The quokka is heavily wounded.
The quokka bites you.
You hit the quokka but do no damage.
The quokka is heavily wounded.
The quokka bites you.
You die...

###.#.# ### #.##..##
#.... ...
........### ###... .
... ..........
.......
#.##.##.##..#.##
#####..
.......##..... ..#..
#.##....##..#.#
#.#..
........##..#.#
#.#..
#..@......######.#.#
#..r##.............#
#...##......♣.......
#..........P.♣.#.###
#.#.###..♣._♣P.#.#
#.#.# ##.♣P♣♣P.#.#
..... ....P.♣.#..
##.#.# ##.#.♣..####
#.#####


You could see a quokka.

Vanquished Creatures
  A ball python (D:1)
  A hobgoblin (D:1)
  A frilled lizard (D:1)
  A goblin (D:1)
4 creatures vanquished.

Notes
Turn   | Place    | Note
-------+----------+-------------------------------------------
     0 | D:1      | siradein the Demonspawn Ice Elementalist began the quest
                  | for the Orb.
     0 | D:1      | Reached XP level 1. HP: 13/13 MP: 3/3
   153 | D:1      | Found a faded altar of an unknown god.
   187 | D:1      | Slain by a quokka

Illustrated notes

Levels and vault maps discovered:
D:1:      dpeg_arrival_rhombus, layout_basic, ebering_ecumenical_altar_petrified

Action                   || total
-------------------------++-------
Melee: Dagger            ||     8
 Cast: Freeze            ||     6
Dodge: Dodged            ||     8

Table legend: (Time is in decaauts)
 A = Elapsed time spent in this place.
 B = Non-inter-level travel time spent in this place.
 C = Inter-level travel time spent in this place.
 D = Time resting spent in this place.
 E = Time spent auto-exploring this place.
 F = Levels seen in this place.
 G = Mean time per level.
                   A        B        C        D        E       F      G
               +--------+--------+--------+--------+--------+-----+--------+
         Total |    186 |    186 |      0 |      0 |    145 |   1 |  186.0 |
       Dungeon |    186 |    186 |      0 |      0 |    145 |   1 |  186.0 |
               +--------+--------+--------+--------+--------+-----+--------+

Top non-repeatable levels by time:
     D:1: 186 daAuts
